 Dungeon Crawl Stone Soup version 0.28.0-53-g5a82cb258f (webtiles) character file.

Game seed: 10662652665336518407

1859 Arcadio the Zephyrmancer (level 9, -5/45 HPs)
             Began as a Tengu Air Elementalist on Aug 21, 2022.
             Was a Follower of Vehumet.
             Slain by a mummy (15 damage)
             ... in an ossuary.
             The game lasted 00:32:54 (8872 turns).

Arcadio the Zephyrmancer (Tengu Air Elementalist)   Turns: 8872, Time: 00:32:54

Health: -5/45      AC:  4    Str:  9    XL:     9   Next: 13%
Magic:  2/19       EV:  9    Int: 19    God:    Vehumet [*.....]
Gold:   285        SH:  0    Dex: 15    Spells: 10/20 levels left

rFire   . . .      SeeInvis .   D - +2 whip (drain)
rCold   . . .      Faith    .   (no shield)
rNeg    . . .      Spirit   .   a - +0 robe
rPois   .          Reflect  .   (helmet restricted)
rElec   .          Harm     .   r - +1 cloak {rCorr}
rCorr   +          Rampage  .   (no gloves)
Will    .....                   (boots unavailable)
Stlth   ++........              (no amulet)
HPRegen 0.15/turn               (no ring)
MPRegen 0.16/turn               (no ring)

@: marked, on berserk cooldown, flying quickly and evasively, held, slowed, very
slow
A: beak, talons 3, nimble flight
a: Renounce Religion


You were in an ossuary.
You worshipped Vehumet.
Vehumet was aware of your devotion.
You visited 1 branch of the dungeon, and saw 7 of its levels.
You also visited: Ossuary.

You collected 442 gold pieces.
You spent 157 gold pieces at shops.

Inventory:

Hand Weapons
 b - a +0 trident
 s - a +0 rapier of venom
 v - a +0 vorpal dire flail
 D - a +2 whip of draining (weapon)
 G - a +3 halberd
Armour
 a - a +0 robe (worn)
 f - a +0 ring mail
 r - a +1 cloak of preservation (worn)
 t - a +0 buckler
 A - a +0 kite shield
Jewellery
 n - a ring of resist corrosion
Wands
 c - a wand of polymorph (3)
 C - a wand of iceblast (10)
 E - a wand of charming (7)
Scrolls
 j - a scroll of immolation {unknown}
 k - 2 scrolls of enchant weapon {unknown}
 m - 2 scrolls of summoning {unknown}
 o - 3 scrolls of teleportation {unknown}
 p - a scroll of fog {unknown}
 q - a scroll of identify
 u - a scroll of amnesia {unknown}
 w - a scroll of noise {unknown}
 y - a scroll of enchant armour {unknown}
 z - 2 scrolls of fear {unknown}
Potions
 d - 2 potions of ambrosia
 e - a potion of curing
 g - a potion of flight {unknown}
 h - 2 potions of attraction
 l - a potion of brilliance
 x - a potion of lignification {unknown}
 B - a potion of magic
 F - a potion of mutation {unknown}
 H - a potion of heal wounds {unknown}


   Skills:
 + Level 7.5 Dodging
 - Level 2.0 Stealth
 + Level 6.3 Spellcasting
 - Level 4.8 Conjurations
 + Level 8.4 Air Magic


You had 10 spell levels left.
You knew the following spells:

 Your Spells              Type           Power      Damage    Failure   Level
a - Shock                 Conj/Air       100%       1d9       1%          1
b - Static Discharge      Conj/Air       31%        N/A       1%          2
c - Swiftness             Air            38%        N/A       1%          3
d - Airstrike             Air            19%        N/A       3%          4

Your spell library contained the following spells:

 Spells                   Type           Power      Damage    Failure   Level
 Foxfire                  Conj/Fire      60%        2x1d7     4%          1
 Mephitic Cloud           Conj/Pois/Air  22%        N/A       5%          3
 Ignite Poison            Fire/Tmut/Pois 6%         N/A       32%         3
 Freezing Cloud           Conj/Ice/Air   11%        6-21      43%         5


Dungeon Overview and Level Annotations

Branches:
Dungeon (7/15)             Temple (0/1) D:7         Ossuary (1/1)

Altars:
Elyvilon
Vehumet

Shops:
D:2 [=[   D:3 (   D:4 =((   D:5 [

Annotations:
D:3 2 transporters


Innate Abilities, Weirdness & Mutations

You have a beak for a mouth.
You have claws for feet.
Your magical nature lets you fly swiftly and evasively.


Message History

Vehumet accepts your kill. The mummy misses you.
You hit the mummy.
The mummy is almost destroyed.
The mummy completely misses you.
You hit the mummy but do no damage.
The mummy is almost destroyed.
The mummy completely misses you.
The mummy fails to trigger a net trap.
You hit the mummy.
You destroy the mummy!
Vehumet accepts your kill.
Casting: Airstrike (dangerous; 3% risk of failure)
Confirm with . or Enter, or press ? or * to list all spells.
Aiming: Airstrike (dangerous; 3% risk of failure)
Press: ? - help, Dir - move target, f - mummy
Aim: a mummy (lightly damaged, empty space bonus: 8/8)
The air twists around and strikes the mummy!
The mummy is severely damaged.
Casting: Airstrike (dangerous; 3% risk of failure)
Confirm with . or Enter, or press ? or * to list all spells.
Aiming: Airstrike (dangerous; 3% risk of failure)
Press: ? - help, Dir - move target, f - mummy, p - mummy
Aim: a mummy (empty space bonus: 8/8)
The air twists around and strikes the mummy!
The mummy is severely damaged.
Casting: Airstrike (dangerous; 3% risk of failure)
Confirm with . or Enter, or press ? or * to list all spells.
Aiming: Shock (safe; 1% risk of failure)
Press: ? - help, Shift-Dir - straight line, f/p - mummy
Aim: a mummy (severely damaged, 88% to hit)
The zap hits the mummy.
The mummy is almost destroyed.
Found a scroll labelled QEAFIGE LUEMA and a silvery potion.
The mummy drops a net on you.
You become entangled in the net!
You see here a throwing net.
You struggle against the net.
The mummy hits you! The mummy closely misses you.
You tear a large gash into the net.
The mummy hits you. The mummy hits you!
* * * LOW HITPOINT WARNING * * *
You feel better. The mummy barely misses you. The mummy hits you!
You die...

#?.....!#
?.....!#
?.....!#
?.....?#
#^.^.^#
##^^.^.##
#.......#
##@....##
#.MM....#
##...^.##
#...^...#
##^..^^##
#...^...#
##.....##
#...^.^.#
##.....##


You could see 2 mummies.

Vanquished Creatures
  A water moccasin (D:4)
  Duvessa (D:4)
  A necrophage (D:3)
  2 centaurs (D:6)
  2 phantoms (D:5)
  Blork the orc (D:4)
  A kobold brigand (D:6)
  2 bullfrogs
  Dowan (D:4)
  2 wights (D:7)
  A howler monkey (D:7)
  3 centaur zombies
  A hound (D:4)
  2 centaur skeletons
  A jelly (D:6)
  An orc priest (D:7)
  Ijyb (D:3)
  Natasha (thrice) (D:2)
  7 iguanas
  3 orc wizards
  5 mummies
  A howler monkey zombie (D:5)
  6 adders
  A worm (D:2)
  2 dart slugs (D:1)
  13 orcs
  5 ball pythons
  6 endoplasms
  3 giant cockroaches
  3 goblins (D:1)
  9 hobgoblins
  6 jackals (D:1)
  13 kobolds
  6 bats
  2 frilled lizards
  4 hobgoblin zombies (Ossuary)
  4 rats
126 creatures vanquished.

Notes
Turn   | Place    | Note
-------+----------+-------------------------------------------
     0 | D:1      | Arcadio the Tengu Air Elementalist began the quest for the
                  | Orb.
     0 | D:1      | Reached XP level 1. HP: 10/10 MP: 4/4
   125 | D:1      | Reached XP level 2. HP: 13/15 MP: 0/6
   505 | D:1      | Learned a level 2 spell: Static Discharge
   529 | D:1      | Reached XP level 3. HP: 19/19 MP: 5/7
  1224 | D:2      | Found Jesh's Jewellery Shop.
  1448 | D:2      | Noticed Natasha
  1452 | D:2      | Killed Natasha
  1453 | D:2      | Reached skill level 5 in Air Magic
  1453 | D:2      | Reached XP level 4. HP: 17/24 MP: 1/9
  1492 | D:2      | Noticed Natasha
  1499 | D:2      | Killed Natasha
  1606 | D:2      | Found a white marble altar of Elyvilon.
  1619 | D:2      | Became a worshipper of Elyvilon the Healer
  1765 | D:2      | Learned a level 3 spell: Swiftness
  1798 | D:2      | Found a faded altar of an unknown god.
  1871 | D:2      | Found Onoq's Armour Shop.
  2014 | D:2      | Found Qoboidust's Antique Armour Shoppe.
  2210 | D:2      | Noticed Natasha
  2216 | D:2      | Killed Natasha
  2217 | D:2      | Gained mutation: Your magical nature lets you fly swiftly
                  | and evasively. [Tengu growth]
  2217 | D:2      | Reached XP level 5. HP: 28/28 MP: 3/10
  2340 | D:3      | Found Gusuoxke's Weapon Boutique.
  2454 | D:3      | Learned a level 4 spell: Airstrike
  2610 | D:3      | Noticed Ijyb
  2661 | D:3      | Killed Ijyb
  2754 | D:3      | Reached * piety under Elyvilon
  2806 | D:3      | Found a transporter.
  2852 | D:3      | Found a transporter.
  3431 | D:4      | Found Zuxou's Weapon Boutique.
  3455 | D:4      | Reached skill level 6 in Air Magic
  3455 | D:4      | Reached XP level 6. HP: 25/32 MP: 1/12
  3547 | D:4      | Noticed a water moccasin
  3557 | D:4      | Killed a water moccasin
  3619 | D:4      | Noticed Dowan
  3626 | D:4      | Noticed a necrophage
  3966 | D:3      | Killed a necrophage
  3967 | D:3      | Reached XP level 7. HP: 30/36 MP: 1/14
  4098 | D:4      | Found Eqeu's One-of-a-Kind Rings.
  4174 | D:2      | Bought a glowing cloak for 157 gold pieces
  4248 | D:4      | Noticed Duvessa
  4256 | D:4      | Killed Duvessa
  4257 | D:4      | Reached skill level 5 in Dodging
  4257 | D:4      | Reached skill level 7 in Air Magic
  4261 | D:4      | Killed Dowan
  4342 | D:4      | Reached ** piety under Elyvilon
  4356 | D:4      | Found Ipref's Antique Weapon Shop.
  4526 | D:4      | Noticed Blork the orc
  4533 | D:4      | Killed Blork the orc
  4882 | D:5      | Entered Level 5 of the Dungeon
  5161 | D:5      | Reached skill level 5 in Spellcasting
  5161 | D:5      | Reached XP level 8. HP: 13/41 MP: 16/16
  5614 | D:5      | Found Ireprima's Armour Boutique.
  5720 | D:5      | Reached *** piety under Elyvilon
  5801 | D:5      | Found a white marble altar of Elyvilon.
  5874 | D:5      | Found a radiant altar of Vehumet.
  5890 | D:5      | Fell from the grace of Elyvilon
  5890 | D:5      | Became a worshipper of Vehumet
  8500 | D:7      | Reached skill level 8 in Air Magic
  8792 | D:7      | Reached XP level 9. HP: 45/45 MP: 13/19
  8807 | D:7      | Found a sand-covered staircase.
  8823 | Ossuary  | Entered an ossuary
  8841 | Ossuary  | Reached * piety under Vehumet
  8841 | Ossuary  | Offered knowledge of Foxfire by Vehumet.
  8872 | Ossuary  | Slain by a mummy

Illustrated notes

Levels and vault maps discovered:
D:1:      giann_bridges, layout_rooms
D:2:      layout_loops_corners, serial_shops, shop, shop, shop,
          hellmonk_ecumenical_altar_arch_garden, basic_altar, uniq_natasha
D:3:      gammafunk_steamed_eel, layout_loops_ring, serial_shops,
          nicolae_lakefront_shop, uniq_ijyb
D:4:      layout_loops_cross, serial_shops, shop_statue,
          nicolae_shop_statue_plus, nicolae_shop_unique_rings, uniq_duvessa,
          uniq_blork_the_orc
D:5:      layout_layer_cave, mainiacjoe_overflow_large_starburst, serial_shops,
          nicolae_stop_n_shop_1
D:6:      layout_layer_cave, minmay_puff
D:7:      cheibrodos_statue_roulette, layout_rooms,
          minmay_temple_entry_overgrown, nicolae_ossuary_entry_giza
Ossuary:  ossuary_the_hunt_dpeg

Skill      XL: |  1  2  3  4  5  6  7  8 |
---------------+-------------------------+-----
Dodging        | 3 4 5 7 |  7.5
Air Magic      | 5 6 7 8 |  8.4
Spellcasting   | 3 4 5 6 |  6.3
Conjurations   | 4 |  4.8
Stealth        | |  2.0

Action                   |  1- 3 |  4- 6 |  7- 9 || total
-------------------------+-------+-------+-------++-------
Melee: Trident           |     9 |    23 |     7 ||    39
       Peck              |     1 |     6 |    30 ||    37
       Kick              |     3 |     5 |    32 ||    40
       Unarmed           |       |     3 |       ||     3
       Rapier            |       |       |    54 ||    54
       Whip              |       |       |    63 ||    63
       Punch             |       |       |     2 ||     2
 Cast: Shock             |    49 |    67 |   106 ||   222
       Static Discharge  |     4 |    13 |     8 ||    25
       Airstrike         |       |     1 |    10 ||    11
  Use: Scroll            |       |     5 |     5 ||    10
       Potion            |       |     2 |     2 ||     4
 Stab: Sleeping          |       |     3 |     1 ||     4
Armor: Robe              |     1 |     3 |    26 ||    30
Dodge: Dodged            |     9 |    33 |   132 ||   174
